 Dungeon Crawl Stone Soup version 0.25-a0-185-g6cfeca75b2 (webtiles) character file.

Game seed: 14494317660681718550, levelgen mode: deterministic

64 MrRokkomies the Ruffian (level 4, -5/40 HPs)
             Began as a Ghoul Monk on Nov 28, 2019.
             Slain by a gnoll
             ... wielding a +0 flail
              (7 damage)
             ... on level 1 of the Dungeon.
             The game lasted 00:03:55 (917 turns).

MrRokkomies the Ruffian (Ghoul Monk)                 Turns: 917, Time: 00:03:55

Health: -5/40      AC:  7    Str: 15    XL:     4   Next: 12%
Magic:  3/3        EV: 11    Int:  5    God:
Gold:   66         SH:  0    Dex: 11    Spells: 3/3 levels left

rFire    + . .     SeeInvis .     - Unarmed
rCold    + + .     Gourm    .   (no shield)
rNeg     + + +     Faith    .   d - +0 ring mail
rPois    ∞         Spirit   .   (no helmet)
rElec    .         Reflect  .   k - scarf {rC+ rF+}
rCorr    .         Harm     .   (no gloves)
MR       .....                  e - +1 pair of boots
Stlth    +.........             (no amulet)
HPRegen  0.00/turn              (no ring)
MPRegen  0.08/turn              (no ring)

@: rotting
A: rotting body, claws 1, carnivore, cold resistance 1, negative energy
resistance 3, inhibited regeneration, torment resistance, unbreathing
a: no special abilities


You were on level 1 of the Dungeon.
You were not hungry.

You visited 1 branch of the dungeon, and saw 2 of its levels.

You collected 66 gold pieces.

Inventory:

Missiles
 g - 17 poisoned darts (quivered)
Armour
 a - a +0 robe
 d - a +0 ring mail (worn)
 e - a +1 pair of boots (worn)
 k - a scarf of resistance (worn)
Scrolls
 i - a scroll of identify {unknown}
Potions
 c - 2 potions of invisibility {unknown}
 h - a potion of haste {unknown}
 j - a potion of might {unknown}
Comestibles
 b - 2 rations


   Skills:
 * Level 4.2 Fighting
 + Level 3.1 Dodging
 - Level 2.1 Stealth
 * Level 4.2 Unarmed Combat


You had 3 spell levels left.
You didn't know any spells.
Your spell library was empty.

Dungeon Overview and Level Annotations

Branches:
Dungeon (2/15)

Altars:


Innate Abilities, Weirdness & Mutations

Your body is rotting away.
You thrive on raw meat.
You are immune to poison.
You have sharp fingernails.
You are carnivorous and can eat meat at any time.
Your flesh is cold resistant. (rC+)
You are immune to negative energy. (rN+++)
You do not regenerate when monsters are visible.
You are immune to unholy pain and torment.
You can survive without breathing.


Message History

The gnoll hits you but does no damage.
You scratch the gnoll but do no damage.
The gnoll is severely wounded.
The gnoll hits you with a +0 flail!
* * * LOW HITPOINT WARNING * * *
You completely miss the gnoll.
The gnoll is severely wounded.
The gnoll closely misses you.
You closely miss the gnoll.
The gnoll is severely wounded.
You scratch the gnoll.
The gnoll is almost dead.
The gnoll hits you but does no damage.
You scratch the gnoll but do no damage.
The gnoll is almost dead.
The gnoll misses you.
You scratch the gnoll but do no damage.
The gnoll is almost dead.
The gnoll hits you with a +0 flail!
You die...

#..........# ####≈≈.
#....>.....# ######.h#≈≈≈
#..........# ##......h#.≈≈
#..........# #........#..≈
#..........# #......###.≈≈
##........## #......##...≈
##......######......##...≈
#####.#g...........##.≈..
#.#.@..........##...#
#.#............#...##
#..######......#.#..# ##.#
#......####.. #.#
######....#.##. #.#
#............## #.##
####........##. #..#
###......##. ##.#
#......##.


You could see a gnoll.

Vanquished Creatures
  2 gnolls
  A ball python (D:1)
  2 giant cockroaches
  10 goblins (D:1)
  3 hobgoblins (D:1)
  8 jackals (D:1)
  6 bats
  A frilled lizard (D:1)
  A kobold (D:1)
  6 rats (D:1)
40 creatures vanquished.

Notes
Turn   | Place    | Note
-------+----------+-------------------------------------------
     0 | D:1      | MrRokkomies the Ghoul Monk began the quest for the Orb.
     0 | D:1      | Reached XP level 1. HP: 19/19 MP: 0/0
    62 | D:1      | Reached XP level 2. HP: 20/24 MP: 1/1
   214 | D:1      | Reached XP level 3. HP: 15/33 MP: 2/2
   757 | D:2      | Reached XP level 4. HP: 32/40 MP: 3/3
   912 | D:1      | HP: 2/40 [gnoll/+0 flail (8)]
   917 | D:1      | Slain by a gnoll

Levels and vault maps discovered:
D:1:      dpeg_arrival_subterranean_lakeside_camping, layout_rooms
D:2:      layout_basic, nicolae_overflow_hidden_temple, uniq_crazy_yiuf_cottage,
          uniq_natasha

Skill      XL: |  1  2  3 |
---------------+----------+-----
Dodging        | 3 |  3.1
Fighting       | 4 |  4.2
Unarmed Combat | 4 |  4.2
Stealth        | |  2.1

Action                   |  1- 3 |  4- 6 || total
-------------------------+-------+-------++-------
Melee: Unarmed           |   136 |    17 ||   153
       Punch             |     5 |       ||     5
  Use: Scroll            |     1 |       ||     1
 Stab: Sleeping          |     1 |       ||     1
  Eat: Chunk             |    16 |     1 ||    17
Armor: Ring mail         |   109 |     2 ||   111
Dodge: Dodged            |   188 |     7 ||   195

Table legend:
 A = Non-vault XP
 B = Vault XP
 C = Vault XP percentage of total XP
 D = Non-vault monster count
 E = Vault monster count
 F = Vault count percentage of total count
                 A         B        C        D         E       F
            +---------+---------+-------+---------+---------+-------
      Total |      83 |       9 |   9.8 |      34 |       6 |  15.0
            +---------+---------+-------+---------+---------+-------
        D:1 |      65 |       9 |  12.2 |      31 |       6 |  16.2
        D:2 |      18 |       0 |   0.0 |       3 |       0 |   0.0
            +---------+---------+-------+---------+---------+-------
